 Dungeon Crawl Stone Soup version 0.22-a0-469-gf26638a (webtiles) character file.

840 protoss039 the Thaumaturge (level 7, -5/36 HPs)
             Began as a Deep Elf Conjurer on June 11, 2018.
             Slain by a wyvern zombie (14 damage)
             ... in an ossuary.
             The game lasted 00:17:40 (3572 turns).

protoss039 the Thaumaturge (Deep Elf Conjurer)      Turns: 3572, Time: 00:17:40

Health: -5/36      AC:  5    Str:  5    XL:     7   Next: 67%
Magic:  13/21      EV: 13    Int: 22    God:
Gold:   190        SH:  0    Dex: 15    Spells: 14/24 levels left

rFire    . . .     SeeInvis .   r - +0 short sword
rCold    . . .     Gourm    .   (no shield)
rNeg     . . .     Faith    .   a - +0 robe
rPois    .         Spirit   .   p - +2 hat
rElec    .         Reflect  .   j - scarf {cloud immunity}
rCorr    .         Harm     .   i - +0 pair of gloves
MR       .....                  (no boots)
Stlth    ++........             (no amulet)
HPRegen  0.12/turn              (no ring)
MPRegen  0.17/turn              (no ring)

@: no status effects
A: no striking features
a: no special abilities


You were in an ossuary.
You were not hungry.

You visited 1 branch of the dungeon, and saw 4 of its levels.
You also visited: Ossuary.

You collected 190 gold pieces.

Inventory:

Hand Weapons
 r - a +0 short sword (weapon)
Armour
 a - a +0 robe (worn)
 i - a +0 pair of gloves (worn)
 j - a scarf of cloud immunity (worn)
 p - a +2 hat (worn)
 t - a +2 hat
Jewellery
 w - an uncursed ring of see invisible {unknown}
 x - an uncursed ring of positive energy {unknown}
Scrolls
 f - a scroll of magic mapping {unknown}
 g - a scroll of noise {unknown}
 h - 2 scrolls of fog {unknown}
 k - 2 scrolls of identify {unknown}
 u - a scroll of amnesia {unknown}
 v - a scroll of blinking {unknown}
 y - a scroll of teleportation {unknown}
Potions
 b - 3 potions of flight {unknown}
 d - 2 potions of degeneration {unknown}
 e - 2 potions of cancellation {unknown}
 l - a potion of resistance {unknown}
 m - 2 potions of curing
 n - a potion of mutation {unknown}
 o - a potion of haste {unknown}
 q - 2 potions of might
 s - a potion of heal wounds
 z - a potion of lignification {unknown}
Comestibles
 c - 3 rations


   Skills:
 - Level 2.4 Dodging
 - Level 2.4 Stealth
 - Level 0.1 Unarmed Combat
 + Level 9.2 Spellcasting
 - Level 7.5 Conjurations


You had 14 spell levels left.
You knew the following spells:

 Your Spells              Type           Power        Failure   Level  Hunger
a - Magic Dart            Conj           ####         1%          1    None
b - Searing Ray           Conj           #####.       1%          2    None
c - Iskenderun's Mystic   Conj           #####...     3%          4    ##.....
d - Dazzling Spray        Conj/Hex       ####..       4%          3    None

Your spell library contained the following spells:

 Spells                   Type           Power        Failure   Level  Hunger
 Fulminant Prism          Conj/Hex       ####......   14%         4    ##.....
 Force Lance              Conj/Tloc      ####....     14%         4    ##.....


Dungeon Overview and Level Annotations

Branches:
Dungeon (4/15)
 Temple: D:4-7

Altars:
Cheibriados
Qazlal


Message History

Aim: a wyvern zombie (hasn't noticed you)
The magic dart hits the wyvern zombie.
The wyvern zombie is lightly damaged.
Casting: Magic Dart (safe; 1% risk of failure)
Confirm with . or Enter, or press ? or * to list all spells.
Aiming: Searing Ray (safe; 1% risk of failure)
Press: ? - help, Shift-Dir - straight line, f/p - wyvern zombie
Aim: a wyvern zombie (lightly damaged)
The searing ray hits the wyvern zombie.
The wyvern zombie is moderately damaged. (Press . to maintain the ray.)
The wyvern zombie bites you. The wyvern zombie bites you!
The searing ray hits the wyvern zombie.
The wyvern zombie is heavily damaged.
The wyvern zombie bites you!
* * * LOW HITPOINT WARNING * * *
The searing ray hits the wyvern zombie.
The wyvern zombie is severely damaged.
The wyvern zombie bites you!
You die...

#≈# #≈≈ ### #≈##≈≈
#≈..# #≈#####≈≈≈##
..≈≈≈≈≈..P≈##
#####≈#####.≈≈≈≈#
#...# #∩..#≈≈.#≈#
#.Z@###.∩.#.≈#≈≈#
#?.!#.#...#≈..#≈≈#
#.##'##'##'##≈≈≈##≈≈≈
+............≈≈.# ###
#+#+#'#'#'#.≈.≈##
#.#.#.#.#.##
###########


You could see a wyvern zombie.

Vanquished Creatures
  A scorpion (D:4)
  A crimson imp (D:2)
  A centaur zombie (Ossuary)
  4 bullfrog zombies (Ossuary)
  A hound (D:4)
  A jelly (D:3)
  An orc wizard (D:3)
  Natasha (thrice) (D:2)
  A worker ant (D:4)
  A killer bee zombie (Ossuary)
  A hound zombie (Ossuary)
  Robin (D:1)
  A howler monkey zombie (Ossuary)
  9 mummies (Ossuary)
  A worker ant zombie (Ossuary)
  3 gnolls (D:3)
  4 adders
  An ooze (D:3)
  2 worms (D:2)
  4 dart slugs
  2 leopard geckos
  12 orcs
  3 ball pythons
  3 giant cockroaches
  17 goblins
  6 hobgoblins
  4 bats
  3 frilled lizards
  A jackal zombie (Ossuary)
  7 kobolds
  9 rats
109 creatures vanquished.

Vanquished Creatures (others)
  7 withered plants (Ossuary)
7 creatures vanquished.

Grand Total: 116 creatures vanquished

Notes
Turn   | Place    | Note
-------+----------+-------------------------------------------
     0 | D:1      | protoss039 the Deep Elf Conjurer began the quest for the Orb.
     0 | D:1      | Reached XP level 1. HP: 10/10 MP: 6/6
   426 | D:1      | Reached XP level 2. HP: 15/15 MP: 4/8
   558 | D:1      | Reached skill level 5 in Conjurations
   889 | D:2      | Found a snail-covered altar of Cheibriados.
   962 | D:2      | Reached XP level 3. HP: 19/19 MP: 6/9
  1188 | D:2      | Noticed Natasha
  1190 | D:2      | Noticed Robin
  1299 | D:2      | Killed Natasha
  1299 | D:2      | Reached XP level 4. HP: 24/24 MP: 2/10
  1426 | D:1      | Killed Robin
  1572 | D:2      | Learned a level 2 spell: Searing Ray
  1577 | D:2      | Learned a level 4 spell: Iskenderun's Mystic Blast
  1621 | D:2      | Noticed Natasha
  1624 | D:2      | Killed Natasha
  1709 | D:2      | Reached XP level 5. HP: 28/28 MP: 3/11
  1741 | D:2      | Noticed Natasha
  1767 | D:2      | Killed Natasha
  2132 | D:3      | Found a stormy altar of Qazlal.
  2212 | D:3      | Reached skill level 4 in Spellcasting
  2491 | D:3      | Reached XP level 6. HP: 26/32 MP: 8/14
  2656 | D:3      | Reached skill level 5 in Spellcasting
  2700 | D:4      | Learned a level 3 spell: Dazzling Spray
  2830 | D:4      | Reached skill level 6 in Spellcasting
  2910 | D:4      | Found a sand-covered staircase.
  2914 | Ossuary  | Entered an ossuary
  3006 | Ossuary  | Reached skill level 7 in Spellcasting
  3006 | Ossuary  | Reached XP level 7. HP: 31/36 MP: 8/19
  3158 | Ossuary  | Reached skill level 8 in Spellcasting
  3400 | Ossuary  | Reached skill level 9 in Spellcasting
  3572 | Ossuary  | Slain by a wyvern zombie

Vault maps used:
D:1:      minmay_arrival_stone_box
D:2:      nicolae_overflow_crystal_walls, uniq_natasha, uniq_robin
D:3:      lemuel_round_altar
D:4:      enter_ossuary_5, minmay_misc_feat_encased, hex_tiny, tgw_xom
Ossuary:  ossuary_zaba_flooded

Skill      XL: |  1  2  3  4  5  6  7 |
---------------+----------------------+-----
Conjurations   | 5 6 7 |  7.5
Spellcasting   | 4 7 9 |  9.2
Dodging        | |  2.4
Stealth        | |  2.4
Unarmed Combat | |  0.1

Action                   |  1- 3 |  4- 6 |  7- 9 || total
-------------------------+-------+-------+-------++-------
Melee: Unarmed           |     7 |    19 |       ||    26
       Short sword       |       |     7 |     8 ||    15
 Cast: Magic Dart        |    69 |   121 |    36 ||   226
       Iskenderun's Myst |       |     6 |       ||     6
       Searing Ray       |       |     9 |    12 ||    21
       Dazzling Spray    |       |     1 |       ||     1
  Use: Scroll            |     1 |     1 |       ||     2
       Potion            |       |     3 |       ||     3
  Eat: Chunk             |     1 |     6 |       ||     7
       Ration            |       |       |     1 ||     1
Armor: Robe              |    10 |    19 |     8 ||    37
Dodge: Dodged            |    17 |    64 |    21 ||   102

Table legend:
 A = Spawn XP
 B = Non-spawn XP
 C = Spawn XP percentage of total XP
 D = Spawn monster count
 E = Non-spawn monster count
 F = Spawn count percentage of total count
 G = Total turns spent on level
                    A         B        C        D         E        F      G
               +---------+---------+-------+---------+---------+-------+---------
         Total |       0 |    1201 |   0.0 |       0 |     109 |   0.0 |  3572
               +---------+---------+-------+---------+---------+-------+---------
           D:1 |       0 |      58 |   0.0 |       0 |      22 |   0.0 |  1160
           D:2 |       0 |     207 |   0.0 |       0 |      27 |   0.0 |  1014
           D:3 |       0 |     225 |   0.0 |       0 |      34 |   0.0 |   521
           D:4 |       0 |     155 |   0.0 |       0 |       7 |   0.0 |   219
       Ossuary |       0 |     556 |   0.0 |       0 |      19 |   0.0 |   658
               +---------+---------+-------+---------+---------+-------+---------
